AoeStats
← FireMedic13

Black Forest

506027953Analyzed
2v2 RM · 21d ago on Sep 12, 2026· 50m 33s· 4 players
Game mode
Random Map
Map size
Medium (4 player)
Population
200
Speed
Normal
Resources
Standard
Victory
Conquest
Starting age
Dark Age
Ending age
Imperial Age
RankedLock teamsTeams togetherTeam positionsShared explorationLock speedFull tech treeHidden civsTurbo modeCheats
Victory
Defeat
🇨🇱 Magyars · Chile
986
+12
🇨🇱 Bohemians · Chile
955
+14
🇺🇸 Huns · United States
901
-38
🇺🇸 Britons · United States
901
-38
Fasolitro
5:04 Loom
12:16 Feudal Age
16:54 Castle Age
15:40 Double-Bit Axe
15:58 Horse Collar
18:01 Bow Saw
20:25 Fletching
24:57 Forging
32:56 Forging
32:43 Bodkin Arrow
37:16 Imperial Age
35:22 Wheelbarrow
37:20 Iron Casting
36:50 Scale Mail Armor
38:10 Scale Barding Armor
38:56 Hand Cart
38:07 Capped Ram
39:10 Conscription
38:12 Elite Hussite Wagon
40:47 Husbandry
40:08 Light Cavalry
41:50 Blast Furnace
41:10 Chain Barding Armor
43:46 Chemistry
43:06 Ballistics
43:01 Siege Engineers
43:50 Houfnice
Sivarba
11:00 Loom
14:15 Feudal Age
20:44 Castle Age
19:07 Double-Bit Axe
19:15 Gold Mining
19:14 Horse Collar
20:53 Scale Barding Armor
31:57 Chain Barding Armor
34:48 Bloodlines
40:49 Padded Archer Armor
46:09 Imperial Age
46:52 Onager
Zarrus
9:06 Loom
15:44 Feudal Age
17:00 Wheelbarrow
16:13 Double-Bit Axe
16:18 Town Watch
18:58 Scale Mail Armor
19:42 Gold Mining
20:14 Horse Collar
21:12 Forging
21:56 Man-at-Arms
32:49 Castle Age
34:52 Hand Cart
34:53 Bow Saw
35:04 Town Patrol
36:03 Pikeman
38:33 Ballistics
FireMedic13
0:55 Loom
15:30 Feudal Age
15:56 Double-Bit Axe
15:58 Horse Collar
17:07 Wheelbarrow
16:26 Gold Mining
16:28 Town Watch
25:30 Forging
26:22 Man-at-Arms
43:51 Castle Age
Connection lost

Rejoining the realm…

Still unreachable

The connection could not be restored.

Session expired

The server has moved on; the page needs a fresh start.